 Dungeon Crawl Stone Soup version 0.28.0 (webtiles) character file.

Game seed: 1787674542242156009

1526 GrayStillPlays the Shield-Bearer (level 8, -10/67 HPs)
             Began as a Gnoll Fighter on Feb 9, 2022.
             Was an Initiate of Gozag.
             Killed by divine providence
             ... invoked by an orc priest
              (12 damage)
             ... on level 6 of the Dungeon.
             The game lasted 00:10:36 (6353 turns).

GrayStillPlays the Shield-Bearer (Gnoll Fighter)    Turns: 6353, Time: 00:10:36

Health: -10/67     AC:  6    Str: 15    XL:     8   Next: 85%
Magic:  13/13      EV: 12    Int: 10    God:    Gozag
Gold:   376        SH: 10    Dex: 12    Spells: 13/14 levels left

rFire   . . .      SeeInvis .   a - +0 war axe {axe}
rCold   + . .      Faith    .   c - +0 buckler
rNeg    . . .      Spirit   .   K - +0 leather armour {rC+}
rPois   .          Reflect  +   q - +0 helmet
rElec   .          Harm     .   s - +0 cloak
rCorr   .          Rampage  .   (no gloves)
Will    +....                   (no boots)
Stlth   ++........              w - amulet of reflection
HPRegen 0.21/turn               N - ring of willpower
MPRegen 0.13/turn               t - ring of flight

@: gold aura, flying
A: fangs 1, strong nose, distributed training
a: Renounce Religion, Potion Petition, Call Merchant, Bribe Branch


You were on level 6 of the Dungeon.
You worshipped Gozag.
Gozag was aware of your devotion.
You visited 2 branches of the dungeon, and saw 7 of its levels.

You collected 408 gold pieces.
You paid 32 gold pieces to Gozag.


Innate Abilities, Weirdness & Mutations

You have very sharp teeth.
Your uncanny sense of smell can sniff out nearby items.
Your experience applies equally to all skills.


   Skills:
 + Level 7.5 Fighting
 + Level 3.6 Short Blades
 + Level 3.6 Long Blades
 + Level 5.9 Axes
 + Level 3.6 Maces & Flails
 + Level 3.6 Polearms
 + Level 3.6 Staves
 + Level 3.6 Slings
 + Level 3.6 Bows
 + Level 3.6 Crossbows
 + Level 3.6 Throwing
 + Level 7.5 Armour
 + Level 3.6 Dodging
 + Level 3.6 Stealth
 + Level 7.5 Shields
 + Level 3.6 Unarmed Combat
 + Level 3.6 Spellcasting
 + Level 3.0 Conjurations
 + Level 3.0 Hexes
 + Level 3.0 Summonings
 + Level 3.0 Necromancy
 + Level 3.0 Translocations
 + Level 3.0 Transmutations
 + Level 3.0 Fire Magic
 + Level 3.0 Ice Magic
 + Level 3.0 Air Magic
 + Level 3.0 Earth Magic
 + Level 3.0 Poison Magic
 + Level 4.0 Invocations
 + Level 3.6 Evocations


You had 13 spell levels left.
You knew the following spells:

 Your Spells              Type           Power      Damage    Failure   Level
a - Foxfire               Conj/Fire      28%        2x1d5     12%         1

Your spell library contained the following spells:

 Spells                   Type           Power      Damage    Failure   Level
 Conjure Flame            Conj/Fire      7%         6-21      34%         3
 Inner Flame              Hex/Fire       7%         N/A       34%         3
 Flame Wave               Conj/Fire      7%         2d5       75%         4
 Fulminant Prism          Conj/Hex       3%         3d6       75%         4
 Iskenderun's Mystic Bla  Conj/Tloc      7%         2d4       75%         4
 Lee's Rapid Deconstruct  Erth           3%         3d6*      97%         5

Inventory:

Hand Weapons
 a - a +0 war axe (weapon) {axe}
 i - a +1 whip of draining {mace}
   (You took it off a kobold on level 1 of the Dungeon)
 n - a +0 hunting sling of freezing {sling}
   (You took it off a goblin on level 2 of the Dungeon)
 L - a +2 whip of flaming {mace}
   (You took it off Pikel on level 5 of the Dungeon)
Missiles
 b - 58 arrows
 g - 155 stones {throwing}
 v - 27 bolts
 y - 32 sling bullets
 B - 8 poisoned darts {throwing}
 E - 4 atropa-tipped darts (quivered) {throwing}
Armour
 c - a +0 buckler (worn)
 o - a +0 chain mail
   (You took it off Terence on level 2 of the Dungeon)
 q - a +0 helmet (worn)
   (You took it off Robin on level 2 of the Dungeon)
 s - a +0 cloak (worn)
   (You found it on level 2 of the Dungeon)
 I - a scarf of harm
   (You found it on level 5 of the Dungeon)
 K - a +0 leather armour of cold resistance (worn)
   (You took it off an orc on level 5 of the Dungeon)
Magical Staves
 D - a staff of death {!astaff}
   (You found it on level 4 of the Dungeon)
Jewellery
 j - a ring of resist corrosion
   (You found it on level 1 of the Dungeon)
 t - a ring of flight (right hand)
   (You found it on level 4 of the Dungeon)
 w - an amulet of reflection (around neck)
   (You found it on level 2 of the Dungeon)
 N - a ring of willpower (left hand)
   (You found it on level 5 of the Dungeon)
Wands
 m - a wand of flame (38)
   (You found it on level 2 of the Dungeon)
 H - a wand of mindburst (13)
   (You found it on level 5 of the Dungeon)
Scrolls
 d - a scroll of teleportation {unknown}
 e - a scroll of enchant weapon {unknown}
 p - a scroll of torment {unknown}
 r - a scroll of magic mapping {unknown}
 z - a scroll of silence {unknown}
 A - a scroll of fear {unknown}
 C - a scroll of amnesia {unknown}
 F - a scroll of brand weapon {unknown}
 G - 2 scrolls of vulnerability {unknown}
 M - a scroll of identify {unknown}
Potions
 f - a potion of mutation {unknown}
 h - 3 potions of heal wounds {unknown}
 k - a potion of haste {unknown}
 l - 2 potions of invisibility {unknown}
 u - 2 potions of curing {unknown}
 x - a potion of ambrosia {unknown}
 J - a potion of degeneration {unknown}

Dungeon Overview and Level Annotations

Branches:
Dungeon (6/15)             Temple (1/1) D:4

Altars:
Dithmenos
Fedhas
Gozag
Kikubaaqudgha
Makhleb
Nemelex Xobeh
Qazlal
Trog
Uskayaw
Vehumet
Wu Jian
Yredelemnul
Zin

........# ..8.....#
..8.....# ........#
$ 88}888..#
88.888..# ........#
.. #.##@# ...
#...)#
###.......###...o##
.#..o......#$.$oo.#
................##
...............#
..........#


You could see an orc priest and 2 orcs.


Message History

Casting: Foxfire (safe; 12% risk of failure)
Confirm with . or Enter, or press ? or * to list all spells.
You don't know that spell.
Unknown command.
Throw: 5 darts (atropa) {throwing}
Press: ? - help, Q - select action, (/) - cycle Shift-Dir - straight line, f - hound
Aim: a hound (51% to hit, chance to blind on hit: 87%)
You throw an atropa-tipped dart {throwing}.
The atropa-tipped dart {throwing} hits the hound!
The hound appears confused.
You barely miss the hound. Your bite misses the hound.
The hound bites you but does no damage. You block the hound's attack.
You hit the hound. You bite the hound, but do no damage.
The hound seems less confused.
The hound bites you.
The hound bites you but does no damage. 😮 HP[-1]
You take 1 damage, and now have 45/67 hp.
You completely miss the hound. The hound bites you.
You barely miss the hound. The hound closely misses you.
The hound barely misses you.
You slash the hound!
You kill the hound!
You hear the rusting of a distant drain.
Your Conjurations skill increases to level 3!
Your Hexes skill increases to level 3!
Your Summonings skill increases to level 3!
Your Necromancy skill increases to level 3!
Your Translocations skill increases to level 3!
Your Transmutations skill increases to level 3!
Your Fire Magic skill increases to level 3!
Your Ice Magic skill increases to level 3!
Your Air Magic skill increases to level 3!
Your Earth Magic skill increases to level 3!
Your Poison Magic skill increases to level 3!
You now have 376 gold pieces (gained 6). 😮 HP[+1] 😮 HP[+1]
A scorpion comes into view. 😮 HP[+1]
A jelly comes into view.
Found a brass ring.
Found a stone staircase leading down.
There is a stone staircase leading up here.
Found a stone staircase leading up.
Found an escape hatch in the ceiling. 😮 HP[+1]
An orc warrior, an orc priest and an orc come into view.
The orc warrior shouts!
An orc comes into view. It is wielding a +1 trident of venom.
The orc priest mumbles some strange prayers to Beogh against you.
Beogh smites you! 😮 HP[-12]
You take 12 damage, and now have 37/67 hp.
The orc priest calls down the wrath of Beogh upon you.
Beogh smites you!
* * * LOW HITPOINT WARNING * * *
😨 HP[-12]
You take 12 damage, and now have 25/67 hp.
The orc priest casts a cantrip, but nothing happens.
The orc shouts! 😨 HP[+1]
You hear a shout! 😨 HP[+1] 😨 HP[+1]
The orc warrior hits you with a +0 dire flail!
* * * LOW HITPOINT WARNING * * *
😱 HP[-15]
You take 15 damage, and now have 13/67 hp.
MASSIVE DAMAGE!! (PAUSE)
You block the orc warrior's attack.
The orc priest calls down the wrath of Beogh upon you.
Pain shoots through your body!
* * * LOW HITPOINT WARNING * * *
😱 HP[-2]
You take 2 damage, and now have 11/67 hp.
You block the orc's attack.
The orc warrior barely misses you. 😱 HP[+1]
The orc priest looks satisfied for a moment. 😱 HP[+1]
The orc priest mumbles some strange prayers to Beogh against you.
Beogh smites you!
* * * LOW HITPOINT WARNING * * *
You see here a book of Hexes. 😱 HP[-12]
You take 12 damage, and now have 1/67 hp. 😱 HP[+1]
Aiming: Mindburst
Press: ? - help, Q - select action, (/) - cycle Shift-Dir - straight line, f - orc warrior
Aim: an orc warrior, wielding a +0 dire flail and wearing a +0 plate armour (chance to affect: 78%)
The orc warrior's mind is blasted!!
The orc priest looks satisfied for a moment.
You block the orc warrior's attack.
Aiming: Mindburst
Press: ? - help, Q - select action, (/) - cycle Shift-Dir - straight line, f/p - orc warrior
Aim: an orc warrior, wielding a +0 dire flail and wearing a +0 plate armour (severely wounded, chance to affect: 78%)
The orc warrior's mind is blasted!!
You blow up the orc warrior!
The orc priest calls down the wrath of Beogh upon you.
Beogh smites you!
You die...
Your body crumbles into a pile of gold.

Skill      XL: |  1  2  3  4  5  6  7  8 |
---------------+-------------------------+-----
Short Blades   | 1 2 3 |  3.6
Long Blades    | 1 2 3 |  3.6
Maces & Flails | 1 2 3 |  3.6
Polearms       | 1 2 3 |  3.6
Staves         | 1 2 3 |  3.6
Slings         | 1 2 3 |  3.6
Bows           | 1 2 3 |  3.6
Crossbows      | 1 2 3 |  3.6
Throwing       | 1 2 3 |  3.6
Dodging        | 1 2 3 |  3.6
Stealth        | 1 2 3 |  3.6
Unarmed Combat | 1 2 3 |  3.6
Spellcasting   | 1 2 3 |  3.6
Invocations    | 1 2 3 4 |  4.0
Evocations     | 1 2 3 |  3.6
Conjurations   | 1 2 3 |  3.0
Hexes          | 1 2 3 |  3.0
Summonings     | 1 2 3 |  3.0
Necromancy     | 1 2 3 |  3.0
Translocations | 1 2 3 |  3.0
Transmutations | 1 2 3 |  3.0
Fire Magic     | 1 2 3 |  3.0
Ice Magic      | 1 2 3 |  3.0
Air Magic      | 1 2 3 |  3.0
Earth Magic    | 1 2 3 |  3.0
Poison Magic   | 1 2 3 |  3.0
Axes           | 5 |  5.9
Fighting       | 7 |  7.5
Armour         | 7 |  7.5
Shields        | 7 |  7.5

Action                   |  1- 3 |  4- 6 |  7- 9 || total
-------------------------+-------+-------+-------++-------
Melee: War axe           |    57 |   138 |   185 ||   380
       Bite              |     3 |    12 |    18 ||    33
Throw: Dart              |       |       |     1 ||     1
Evoke: Wand              |       |     6 |     3 ||     9
  Use: Potion            |       |       |     1 ||     1
 Stab: Distracted        |       |       |     1 ||     1
Armor: Scale mail        |    19 |     7 |       ||    26
       Chain mail        |       |    56 |    90 ||   146
       Leather armour    |       |       |     4 ||     4
Dodge: Dodged            |    25 |    60 |    65 ||   150
Block: Buckler           |     9 |    58 |   114 ||   181
       Reflection        |       |       |     1 ||     1

Levels and vault maps discovered:
D:1:      dpeg_arrival_renting, layout_basic, minmay_pentomino_v2
D:2:      layout_rooms, basic_altar, uniq_jessica, uniq_terence, uniq_robin,
          uniq_sigmund
D:3:      layout_basic, minmay_overflow_temple_star_quad
D:4:      layout_basic, lemuel_doored_altar, minmay_temple_entry_fiery
D:5:      layout_basic, kennysheep_generic_room_8, uniq_pikel
D:6:      layout_cave_pools, kennysheep_little_box, gup_sewer_entry_pipe,
          hellmonk_bongcloud_opening
Temple:   jpeg_temple_clearing

Notes
Turn   | Place    | Note
-------+----------+-------------------------------------------
     0 | D:1      | GrayStillPlays the Gnoll Fighter began the quest for the
                  | Orb.
     0 | D:1      | Reached XP level 1. HP: 23/23 MP: 1/1
     0 | D:1      | magus.rc [v1.9.6]
   265 | D:1      | Reached XP level 2. HP: 29/29 MP: 2/2
   270 | D:1      | You pick up a book of Blasting and begin reading...
   270 | D:1      | You add the spells Fulminant Prism, Iskenderun's Mystic
                  | Blast and Lee's Rapid Deconstruction to your library.
  1191 | D:2      | Reached XP level 3. HP: 31/35 MP: 3/3
  1230 | D:2      | Noticed Jessica
  1233 | D:2      | Killed Jessica
  1234 | D:2      | Reached skill level 1 in Short Blades
  1234 | D:2      | Reached skill level 1 in Long Blades
  1234 | D:2      | Reached skill level 1 in Maces & Flails
  1234 | D:2      | Reached skill level 1 in Polearms
  1234 | D:2      | Reached skill level 1 in Staves
  1234 | D:2      | Reached skill level 1 in Slings
  1234 | D:2      | Reached skill level 1 in Bows
  1234 | D:2      | Reached skill level 1 in Crossbows
  1234 | D:2      | Reached skill level 1 in Throwing
  1234 | D:2      | Reached skill level 1 in Dodging
  1234 | D:2      | Reached skill level 1 in Stealth
  1234 | D:2      | Reached skill level 1 in Unarmed Combat
  1234 | D:2      | Reached skill level 1 in Spellcasting
  1234 | D:2      | Reached skill level 1 in Invocations
  1234 | D:2      | Reached skill level 1 in Evocations
  1308 | D:2      | Reached XP level 4. HP: 36/41 MP: 5/5
  1365 | D:2      | Noticed Sigmund
  1370 | D:2      | Noticed Terence
  1381 | D:2      | Killed Sigmund
  1382 | D:2      | Reached skill level 1 in Conjurations
  1382 | D:2      | Reached skill level 1 in Hexes
  1382 | D:2      | Reached skill level 1 in Summonings
  1382 | D:2      | Reached skill level 1 in Necromancy
  1382 | D:2      | Reached skill level 1 in Translocations
  1382 | D:2      | Reached skill level 1 in Transmutations
  1382 | D:2      | Reached skill level 1 in Fire Magic
  1382 | D:2      | Reached skill level 1 in Ice Magic
  1382 | D:2      | Reached skill level 1 in Air Magic
  1382 | D:2      | Reached skill level 1 in Earth Magic
  1382 | D:2      | Reached skill level 1 in Poison Magic
  1382 | D:2      | Reached XP level 5. HP: 22/47 MP: 5/7
  1565 | D:2      | Killed Terence
  1566 | D:2      | Reached skill level 2 in Invocations
  1566 | D:2      | Reached XP level 6. HP: 32/53 MP: 8/8
  1710 | D:2      | Noticed Robin
  1736 | D:2      | Killed Robin
  1974 | D:2      | You fall into a shaft and drop 2 floors!
  2072 | D:4      | You pick up a book of Flames and begin reading...
  2072 | D:4      | You add the spells Foxfire, Conjure Flame, Inner Flame and
                  | Flame Wave to your library.
  2085 | D:3      | Reached skill level 5 in Axes
  2091 | D:3      | Reached skill level 2 in Short Blades
  2091 | D:3      | Reached skill level 2 in Long Blades
  2091 | D:3      | Reached skill level 2 in Maces & Flails
  2091 | D:3      | Reached skill level 2 in Polearms
  2091 | D:3      | Reached skill level 2 in Staves
  2091 | D:3      | Reached skill level 2 in Slings
  2091 | D:3      | Reached skill level 2 in Bows
  2091 | D:3      | Reached skill level 2 in Crossbows
  2091 | D:3      | Reached skill level 2 in Throwing
  2091 | D:3      | Reached skill level 2 in Dodging
  2091 | D:3      | Reached skill level 2 in Stealth
  2091 | D:3      | Reached skill level 2 in Unarmed Combat
  2091 | D:3      | Reached skill level 2 in Spellcasting
  2091 | D:3      | Reached skill level 2 in Evocations
  2098 | D:3      | HP: 13/53 [gnoll (5)]
  2104 | D:3      | HP: 13/53 [gnoll (1)]
  2106 | D:3      | HP: 5/53 [gnoll (9)]
  2110 | D:3      | HP: 2/53 [gnoll (3)]
  2570 | D:2      | Found a burning altar of Makhleb.
  3155 | D:3      | Found a glowing silver altar of Zin.
  3161 | D:3      | Found a bloodstained altar of Trog.
  3164 | D:3      | Found a sparkling altar of Nemelex Xobeh.
  4049 | D:4      | Reached XP level 7. HP: 53/59 MP: 10/10
  4098 | D:4      | Found a blossoming altar of Fedhas.
  4198 | D:4      | Found a staircase to the Ecumenical Temple.
  4204 | Temple   | Entered the Ecumenical Temple
  4256 | Temple   | Became a worshipper of Gozag Ym Sagoz the Greedy
  4628 | D:5      | Entered Level 5 of the Dungeon
  4647 | D:5      | Reached skill level 7 in Fighting
  4647 | D:5      | Reached skill level 7 in Armour
  4647 | D:5      | Reached skill level 7 in Shields
  4718 | D:5      | Reached skill level 2 in Conjurations
  4718 | D:5      | Reached skill level 2 in Hexes
  4718 | D:5      | Reached skill level 2 in Summonings
  4718 | D:5      | Reached skill level 2 in Necromancy
  4718 | D:5      | Reached skill level 2 in Translocations
  4718 | D:5      | Reached skill level 2 in Transmutations
  4718 | D:5      | Reached skill level 2 in Fire Magic
  4718 | D:5      | Reached skill level 2 in Ice Magic
  4718 | D:5      | Reached skill level 2 in Air Magic
  4718 | D:5      | Reached skill level 2 in Earth Magic
  4718 | D:5      | Reached skill level 2 in Poison Magic
  4830 | D:5      | HP: 14/60 [gnoll (8)]
  4858 | D:5      | HP: 11/60 [something (5)]
  4871 | D:4      | HP: 13/60 [something (1)]
  4877 | D:4      | Reached skill level 3 in Invocations
  5325 | D:5      | Reached XP level 8. HP: 59/67 MP: 12/12
  5759 | D:5      | Noticed Pikel
  5785 | D:5      | Killed Pikel
  5786 | D:5      | Reached skill level 3 in Short Blades
  5786 | D:5      | Reached skill level 3 in Long Blades
  5786 | D:5      | Reached skill level 3 in Maces & Flails
  5786 | D:5      | Reached skill level 3 in Polearms
  5786 | D:5      | Reached skill level 3 in Staves
  5786 | D:5      | Reached skill level 3 in Slings
  5786 | D:5      | Reached skill level 3 in Bows
  5786 | D:5      | Reached skill level 3 in Crossbows
  5786 | D:5      | Reached skill level 3 in Throwing
  5786 | D:5      | Reached skill level 3 in Dodging
  5786 | D:5      | Reached skill level 3 in Stealth
  5786 | D:5      | Reached skill level 3 in Unarmed Combat
  5786 | D:5      | Reached skill level 3 in Spellcasting
  5786 | D:5      | Reached skill level 3 in Evocations
  6129 | D:6      | Learned a level 1 spell: Foxfire
  6185 | D:6      | Reached skill level 4 in Invocations
  6308 | D:6      | Reached skill level 3 in Conjurations
  6308 | D:6      | Reached skill level 3 in Hexes
  6308 | D:6      | Reached skill level 3 in Summonings
  6308 | D:6      | Reached skill level 3 in Necromancy
  6308 | D:6      | Reached skill level 3 in Translocations
  6308 | D:6      | Reached skill level 3 in Transmutations
  6308 | D:6      | Reached skill level 3 in Fire Magic
  6308 | D:6      | Reached skill level 3 in Ice Magic
  6308 | D:6      | Reached skill level 3 in Air Magic
  6308 | D:6      | Reached skill level 3 in Earth Magic
  6308 | D:6      | Reached skill level 3 in Poison Magic
  6339 | D:6      | HP: 13/67 [orc warrior (15)]
  6350 | D:6      | HP: 1/67 [orc priest/divine providence (12)]
  6353 | D:6      | Killed from afar by an orc priest

Vanquished Creatures
  Pikel (D:5)
  Sigmund (D:2)
  A water moccasin (D:5)
  An orc warrior (D:6)
  A sky beast (D:4)
  A scorpion (D:6)
  2 water moccasin zombies (D:5)
  A jelly (D:5)
  2 gnoll shamans
  An orc priest (D:4)
  2 hounds
  Terence (D:2)
  Jessica (D:2)
  2 iguanas
  A killer bee zombie (D:6)
  Robin (D:2)
  2 adders
  11 gnolls
  A shadow imp (D:5)
  An ufetubus (D:5)
  An adder skeleton (D:4)
  2 dart slugs (D:1)
  5 orcs
  6 endoplasms
  A giant cockroach (D:1)
  11 goblins
  12 hobgoblins
  4 jackals (D:4)
  A quokka (D:1)
  5 ball pythons
  4 bats
  A frilled lizard (D:1)
  6 kobolds
  5 rats
99 creatures vanquished.

Table legend:
 A = Non-vault XP
 B = Vault XP
 C = Vault XP percentage of total XP
 D = Non-vault monster count
 E = Vault monster count
 F = Vault count percentage of total count
                 A         B        C        D         E       F
            +---------+---------+-------+---------+---------+-------
      Total |    1167 |    1150 |  49.6 |      81 |      18 |  18.2
            +---------+---------+-------+---------+---------+-------
        D:1 |      30 |       1 |   3.2 |      15 |       1 |   6.2
        D:2 |      35 |     339 |  90.6 |      14 |      15 |  51.7
        D:3 |     131 |       0 |   0.0 |      18 |       0 |   0.0
        D:4 |     229 |       0 |   0.0 |      15 |       0 |   0.0
        D:5 |     406 |     810 |  66.6 |      14 |       2 |  12.5
        D:6 |     336 |       0 |   0.0 |       5 |       0 |   0.0
            +---------+---------+-------+---------+---------+-------

Illustrated notes

Table legend:
 A = Kills in this place as a percentage of kills in entire the game.
 B = Kills by you in this place as a percentage of kills by you in the entire game.
 C = Kills by friends in this place as a percentage of kills by friends in the entire game.
 D = Other kills in this place as a percentage of other kills in the entire game.
 E = Experience gained in this place as a percentage of experience gained in the entire game.
 F = Experience gained in this place divided by the number of levels of this place that you have seen.
                   A       B       C       D       E      F
               +-------+-------+-------+-------+-------+----------------------
         Total | 100.0 | 100.0 |   N/A |   N/A | 100.0 | 331.0
       Dungeon | 100.0 | 100.0 |   N/A |   N/A | 100.0 | 386.2
               +-------+-------+-------+-------+-------+----------------------

Table legend: (Time is in decaauts)
 A = Elapsed time spent in this place.
 B = Non-inter-level travel time spent in this place.
 C = Inter-level travel time spent in this place.
 D = Time resting spent in this place.
 E = Time spent auto-exploring this place.
 F = Levels seen in this place.
 G = Mean time per level.
                   A        B        C        D        E       F      G
               +--------+--------+--------+--------+--------+-----+--------+
         Total |   6463 |   6213 |    250 |   1454 |   3587 |   7 |  923.3 |
       Dungeon |   6386 |   6174 |    212 |   1454 |   3557 |   6 | 1064.3 |
        Temple |     77 |     39 |     38 |      0 |     30 |   1 |   77.0 |
               +--------+--------+--------+--------+--------+-----+--------+

Top non-repeatable levels by time:
     D:3: 1369 daAuts
     D:1: 1304 daAuts
     D:5: 1253 daAuts
     D:2: 1210 daAuts
     D:4: 1000 daAuts
     D:6: 247 daAuts
  Temple: 77 daAuts
